 Dungeon Crawl Stone Soup version 0.25-a0-185-g6cfeca75b2 (webtiles) character file.

Game seed: 1766041191977576712, levelgen mode: deterministic

16 vurker the Gusty (level 2, 0/16 HPs)
             Began as a Tengu Air Elementalist on Nov 27, 2019.
             Succumbed to an adder's poison
             ... on level 2 of the Dungeon.
             The game lasted 00:01:05 (1047 turns).

vurker the Gusty (Tengu Air Elementalist)           Turns: 1047, Time: 00:01:05

Health: 0/16       AC:  2    Str:  8    XL:     2   Next: 58%
Magic:  1/6        EV: 12    Int: 15    God:
Gold:   29         SH:  0    Dex: 14    Spells: 4/5 levels left

rFire    . . .     SeeInvis .   f - +0 dagger
rCold    . . .     Gourm    .   (no shield)
rNeg     + . .     Faith    .   a - +0 robe
rPois    .         Spirit   .   (helmet restricted)
rElec    .         Reflect  .   (no cloak)
rCorr    .         Harm     .   (no gloves)
MR       .....                  (boots unavailable)
Stlth    ++........             n - amulet of magic regeneration
HPRegen  0.05/turn              c - ring of positive energy
MPRegen  0.35/turn              (no ring)

@: lethally poisoned (0 -> -13), very slightly contaminated
A: beak, talons 3
a: no special abilities


You were on level 2 of the Dungeon.
You were not hungry.

You visited 1 branch of the dungeon, and saw 2 of its levels.

You collected 29 gold pieces.

Inventory:

Hand Weapons
 f - a +0 dagger (weapon)
   (You took it off a kobold on level 1 of the Dungeon)
Armour
 a - a +0 robe (worn)
Jewellery
 c - a ring of positive energy (left hand)
   (You found it on level 1 of the Dungeon)
 n - an amulet of magic regeneration (around neck)
   (You found it on level 1 of the Dungeon)
Scrolls
 d - a scroll of remove curse {unknown}
 i - a scroll of magic mapping {unknown}
 j - a scroll of immolation {unknown}
 k - a scroll of identify {unknown}
 o - 3 scrolls of noise {unknown}
Potions
 b - 3 potions of curing {unknown}
 g - a potion of cancellation {unknown}
 h - a potion of degeneration {unknown}
 l - a potion of flight {unknown}
 p - a potion of magic {unknown}
Comestibles
 e - 3 rations
 m - 5 chunks of flesh


   Skills:
 + Level 0.4 Fighting
 - Level 2.1 Dodging
 - Level 2.0 Stealth
 * Level 2.2 Spellcasting
 * Level 2.2 Conjurations
 * Level 4.4 Air Magic


You had 4 spell levels left.
You knew the following spells:

 Your Spells              Type           Power        Failure   Level  Hunger
a - Shock                 Conj/Air       ##..         5%          1    #......

Your spell library contained the following spells:

 Spells                   Type           Power        Failure   Level  Hunger
 Swiftness                Chrm/Air       #.......     13%         2    ###....
 Static Discharge         Conj/Air       ##......     17%         3    ###....
 Airstrike                Air            ##........   34%         4    #####..
 Lightning Bolt           Conj/Air       ##........   83%         5    ######.


Dungeon Overview and Level Annotations

Branches:
Dungeon (2/15)

Altars:


Innate Abilities, Weirdness & Mutations

You have a beak for a mouth.
You have claws for feet.


Message History

p - a fuming cyan potion
Things that are here:
a +0 club; a hobgoblin corpse You butcher the hobgoblin corpse.
m - 5 chunks of flesh (gained 3)
Things that are here:
a +0 club; a hobgoblin skeleton
Things that are here:
a +0 club; a hobgoblin skeleton
There is an open door here.
Done exploring.
Done exploring.
Done exploring.
As you open the door, it creaks loudly!
There is an open door here.
There is a stone staircase leading down here.
You climb downwards.
An adder and a goblin come into view.
The adder hisses angrily.
Found a stone staircase leading down and a stone staircase leading up.
There is a stone staircase leading up here.
Aim: an adder The zap misses the adder.
Aim: an adder The zap misses the adder.
Aim: an adder The zap misses the adder.
The adder bites you.
You are poisoned.
The adder poisons you!
Aim: an adder The zap hits the adder.
You feel sick. The adder bites you.
* * * LOW HITPOINT WARNING * * *
The adder barely misses you.
Aim: an adder (moderately wounded)
The zap hits the adder.
* * * LOW HITPOINT WARNING * * *
You feel sick.
The goblin shouts!
The adder closely misses you.
A bat comes into view.
Aim: an adder (severely wounded)
The zap misses the adder.
The adder bites you.
* * * LOW HITPOINT WARNING * * *
You are more poisoned.
The adder poisons you!
Aim: an adder (severely wounded)
You miscast Shock.
You are very lightly contaminated with residual magic.
Nothing appears to happen.
You die...

.# .## ###...
..#..#
#.#..###.
#........
#.>...##.
#@S......
#........#<.##.
####.###... ...
# .##.# . b. ..
... .. ... .
.###


You could see an adder and a bat.

Vanquished Creatures
  A dart slug (D:1)
  A giant cockroach (D:1)
  4 goblins (D:1)
  2 hobgoblins (D:1)
  2 bats (D:1)
  2 frilled lizards (D:1)
  2 kobolds (D:1)
  A rat (D:1)
15 creatures vanquished.

Notes
Turn   | Place    | Note
-------+----------+-------------------------------------------
     0 | D:1      | vurker the Tengu Air Elementalist began the quest for the
                  | Orb.
     0 | D:1      | Reached XP level 1. HP: 10/10 MP: 4/4
   431 | D:1      | Reached XP level 2. HP: 8/15 MP: 1/6
  1047 | D:2      | Succumbed to an adder's poison

Levels and vault maps discovered:
D:1:      onia_arrival_pentagram, layout_basic
D:2:      layout_loops_cross, first_ration, serial_glass, glass_columns_b,
          glass_columns_a, glass_columns_b, glass_columns_c, glass_columns_a,
          glass_columns_a, glass_columns_a, glass_columns_a, glass_columns_b,
          glass_columns_b, glass_columns_c, glass_columns_b, glass_columns_b,
          glass_columns_a

Skill      XL: |  1 |
---------------+----+-----
Conjurations   | 2 |  2.2
Fighting       | |  0.4
Dodging        | |  2.1
Stealth        | |  2.0
Spellcasting   | |  2.2
Air Magic      | |  4.4

Action                   || total
-------------------------++-------
 Cast: Shock             ||    40
  Eat: Chunk             ||     1
Dodge: Dodged            ||     5

Table legend:
 A = Non-vault XP
 B = Vault XP
 C = Vault XP percentage of total XP
 D = Non-vault monster count
 E = Vault monster count
 F = Vault count percentage of total count
                 A         B        C        D         E       F
            +---------+---------+-------+---------+---------+-------
      Total |      24 |       0 |   0.0 |      15 |       0 |   0.0
            +---------+---------+-------+---------+---------+-------
        D:1 |      24 |       0 |   0.0 |      15 |       0 |   0.0
            +---------+---------+-------+---------+---------+-------
